 Dungeon Crawl Stone Soup version 0.22-a0-231-g1b571ea (webtiles) character file.

199813 Amnesiac the Evocator (level 18, -4/98 HPs)
             Began as a Spriggan Artificer on Feb 20, 2018.
             Was an Initiate of Gozag.
             Slain by a reaper
             ... wielding a +4 scythe of slicing
              (5 damage)
             ... in the Vestibule of Hell.
             The game lasted 03:07:53 (60289 turns).

Amnesiac the Evocator (Spriggan Artificer)         Turns: 60289, Time: 03:07:54

Health: -4/98      AC:  9    Str: 16 (18) XL:     18   Next: 25%
Magic:  0/35       EV: 34    Int: 20      God:    Gozag
Gold:   3726       SH: 11    Dex: 22 (23) Spells: 17/21 levels left

rFire    + + .     SeeInvis +   (weapon restricted)
rCold    + + .     Gourm    .   J - +2 buckler of Xuah {rF+}
rNeg     + + .     Faith    .   c - +4 robe of Augmentation {Str+4 Int+4 Dex+4}
rPois    .         Spirit   +   (helmet restricted)
rElec    .         Reflect  .   B - +2 cloak of the Thief {+Fog Slay-2 SInv Stlth+}
rCorr    +         Harm     .   (gloves unavailable)
MR       +++..                  (boots unavailable)
Stlth    +++++.....             t - amulet of guardian spirit
HPRegen  0.26/turn              W - ring "Evvob" {+Inv rC++ rN++ Int+4}
MPRegen  0.24/turn              l - ring "Mimedu" {rCorr rF+}

@: confusing touch, very slightly contaminated, constricted, very quick
A: very small, unfitting armour, antennae 1, see invisible, deterioration 1,
herbivore, speed 3, slow metabolism 2
a: Potion Petition, Call Merchant, Bribe Branch, Renounce Religion, Evoke Fog,
Evoke Invisibility


You were in the Vestibule of Hell.
You worshipped Gozag.
Gozag was most pleased with you.
You were full.

You visited 7 branches of the dungeon, and saw 31 of its levels.
You visited 1 bazaar.

You collected 11414 gold pieces.
You spent 5992 gold pieces at shops.
You paid 1696 gold pieces to Gozag.

Inventory:

Hand Weapons
 a - a +2 dagger of speed
 b - a +3 hunting sling of chaos
 w - a +6 blowgun
 x - the +8 short sword of Mayhem {pierce, +Inv rF- rN+ Int+4}
   (You bought it in a shop in a bazaar)

   It inflicts extra damage upon your enemies.
   It affects your intelligence (+4).
   It makes you vulnerable to fire.
   It protects you from negative energy.
   It lets you turn invisible.
 U - a +4 scimitar of flaming
Missiles
 i - 53 poisoned needles
 m - 424 stones (quivered)
 u - 11 curare-tipped needles
 O - 4 throwing nets
 T - 173 sling bullets
Armour
 c - the +4 robe of Augmentation (worn) {Str+4 Int+4 Dex+4}
   (You found it on level 13 of the Dungeon)

   It affects your strength (+4).
   It affects your intelligence (+4).
   It affects your dexterity (+4).
 B - the +2 cloak of the Thief (worn) {+Fog Slay-2 SInv Stlth+}
   (You bought it in a shop in a bazaar)

   It affects your accuracy and damage with ranged weapons and melee attacks
   (-2).
   It lets you see invisible.
   It makes you more stealthy.
 J - the +2 buckler of Xuah (worn) {rF+}
   (You bought it in a shop on level 5 of the Dungeon)

   It protects you from fire.
Jewellery
 h - an uncursed ring of poison resistance
 k - an uncursed ring of wizardry
 l - the ring "Mimedu" (right hand) {rCorr rF+}
   (You took it off a death knight on level 12 of the Dungeon)

   [ring of resist corrosion]

   It protects you from fire.
 t - an amulet of guardian spirit (around neck)
 D - an uncursed ring of stealth
 I - the ring of Yngic {rElec rC+ MR+}
   (You took it off a vampire on level 12 of the Dungeon)

   [ring of protection from cold]

   It protects you from cold.
   It insulates you from electricity.
   It affects your resistance to hostile enchantments.
 K - an uncursed ring of flight
 W - the ring "Evvob" (left hand) {+Inv rC++ rN++ Int+4}
   (You found it on level 1 of the Depths)

   [ring of intelligence]

   It affects your intelligence (+4).
   It greatly protects you from cold.
   It greatly protects you from negative energy.
   It lets you turn invisible.
Wands
 M - a wand of iceblast (8)
 Q - a wand of digging (22)
 Z - a wand of scattershot (1)
Scrolls
 n - 20 scrolls of remove curse {!r}
 o - a scroll of vulnerability {!r}
 p - 9 scrolls of identify {!r}
 v - 5 scrolls of teleportation {!r}
 A - a scroll of fog {!r}
 F - 4 scrolls of fear {!r}
 H - 4 scrolls of magic mapping {!r}
 L - a scroll of summoning {!r}
Potions
 e - 2 potions of resistance {!q}
 f - 2 potions of agility {!q}
 g - a potion of invisibility {!q}
 r - 3 potions of magic {!q}
 s - 4 potions of haste {!q}
 z - 8 potions of curing {!q}
 C - 2 potions of brilliance {!q}
 E - 2 potions of berserk rage {!q}
 G - 2 potions of cancellation {!q}
 R - 4 potions of might {!q}
 V - 3 potions of flight {!q}
 X - 2 potions of mutation {!q}
 Y - 6 potions of heal wounds {!q}
Miscellaneous
 d - a crystal ball of energy
 q - a phantom mirror
 y - a lightning rod (3/4)
 N - a phial of floods
Comestibles
 j - 5 rations


   Skills:
 + Level 12.4 Fighting
 - Level 8.0 Short Blades
 + Level 19.5 Dodging
 - Level 8.0 Stealth
 - Level 9.0 Shields
 - Level 2.0 Spellcasting
 - Level 2.0 Hexes
 * Level 25.0 Evocations


You had 17 spell levels left.
You knew the following spells:

 Your Spells              Type           Power        Failure   Level  Hunger
e - Confuse               Hex            ##......     21%         3    ###....
z - Confusing Touch       Hex            ##....       7%          1    #......


Dungeon Overview and Level Annotations

Branches:
Dungeon (15/15)            Temple (1/1) D:5            Lair (6/6) D:10
  Swamp (0/4) Lair:2        Snake (0/4) Lair:3        Slime (0/5) Lair:6
    Orc (2/2) D:11            Elf (2/3) Orc:2        Vaults (0/5) D:14
 Depths (4/5) D:15           Hell (1/1)                 Dis (0/7) Hell
    Geh (0/7) Hell            Tar (0/7) Hell
    Coc: Hell:1

Altars:
Ashenzari
Cheibriados
Dithmenos
Elyvilon
Fedhas
Gozag
Hepliaklqana
Kikubaaqudgha
Makhleb
Nemelex Xobeh
Okawaru
Qazlal
Ru
Sif Muna
Uskayaw
Vehumet
Wu Jian
Xom
Yredelemnul
Zin
The Shining One
Beogh
Jiyva

Shops:
D:5 [   D:6 *   D:7 (([*   D:11 (   D:12 }   D:15 }   Orc:1 ?   Orc:2 [(=[
Elf:1 [   Depths:1 **?:!

Portals:
Hell: Depths:1
Ziggurat: Depths:1

Annotations:
Hell Geryon


Innate Abilities, Weirdness & Mutations

You are very small and have problems with some larger weapons.
You are too small for most types of armour.
You have supernaturally acute eyesight. (SInv)
You are a herbivore.
You cover ground extremely quickly.
You need consume almost no food.
You have a pair of small antennae on your head.
Your body sometimes deteriorates upon taking damage.


Message History

The stone giant zombie completely misses you.
You hit the stone giant zombie but do no damage.
The stone giant zombie is moderately damaged.
The hell hound bites you.
* * * LOW HITPOINT WARNING * * *
The reaper is no longer distracted by gold.
You see here 8 gold pieces.
You hit the blizzard demon but do no damage.
You block the shadow dragon zombie's attack.
The shadow dragon zombie completely misses you.
The shadow dragon zombie closely misses you.
The reaper completely misses you. The blizzard demon gestures at you.
The bolt of cold hits you! You resist.
* * * LOW HITPOINT WARNING * * *
Press: ? - help, v - describe, . - travel
Here: a reaper, wielding a scythe of slicing The floor.
The reaper hits you from afar with a scythe of slicing!
* * * LOW HITPOINT WARNING * * *
x2 Evoke which item? (* to show all) (? for menu, Esc to quit)
Okay, then.
Press: ? - help, v - describe, . - travel
Here: a blizzard demon A gateway back into the Dungeon, spattered with blood.
Really quaff
Y - 7 potions of heal wounds {!q}? [Y]es or [N]o only, please.
Really quaff
Y - 7 potions of heal wounds {!q}?
You feel much better.
Geryon winds a great silver horn.
Found a gateway to the Iron City of Dis.
There is an open door here.
Casting: Confusing Touch (safe; 7% risk of failure)
Confirm with . or Enter, or press ? or * to list all spells.
Your hands begin to glow red.
The anaconda zombie completely misses you. x2
Wield which item (- for none, * to show all)? (? for menu, Esc to quit)
You are now empty-handed.
Really attack barehanded?
You hit the anaconda zombie but do no damage.
The anaconda zombie closely misses you. The anaconda zombie misses you.
You block the anaconda zombie's attack. x2
You hit the anaconda zombie but do no damage.
The anaconda zombie completely misses you. x2
You hit the anaconda zombie but do no damage.
You block the anaconda zombie's attack. x2; The anaconda zombie grabs you.
The anaconda zombie completely misses you.
* * * LOW HITPOINT WARNING * * *
The anaconda zombie constricts you.
You closely miss the anaconda zombie.
The anaconda zombie completely misses you.
* * * LOW HITPOINT WARNING * * *
The anaconda zombie constricts you. You block the anaconda zombie's attack.
The anaconda zombie constricts you.
Geryon winds a great silver horn.
You hit the anaconda zombie but do no damage.
You block the anaconda zombie's attack.
* * * LOW HITPOINT WARNING * * *
The anaconda zombie constricts you.
The reaper hits you from afar with a scythe of slicing!!!
* * * LOW HITPOINT WARNING * * *
Your body deteriorates!
You feel weakened.
You die...
Your body crumbles into a pile of gold.

### .. ..# ###
....# ..##.##
.....##.#.∩.#.##
...#...##@##...#.
#....#{#Z#.#....
.#......22.......
.................
...##...#&#...##.
.....#.Z..22...#.
.................
.......##...##....
........#...#.....


You could see Geryon, 2 hell beasts, a reaper, a blizzard demon, an anaconda
zombie and a stone giant zombie.

Vanquished Creatures
  Mara (Depths:1)
  A juggernaut (Depths:1)
  Bai Suzhen (Depths:1)
  Saint Roka (D:10)
  A tentacled monstrosity (Depths:3)
  Asterion (Depths:1)
  A balrug (D:15)
  A draconian knight (D:15)
  A very ugly thing (Depths:2)
  2 war gargoyles (Depths:1)
  4 entropy weavers (Lair:3)
  5 stone giants
  A vampire knight (Depths:3)
  A dire elephant (Lair:6)
  A deep elf death mage (Depths:2)
  2 ettins
  A merfolk javelineer (Depths:2)
  3 fire dragons (Depths:2)
  2 ogre magi
  3 vault guards (D:14)
  Harold (Lair:1)
  An ice dragon (Depths:3)
  Fannar (Lair:1)
  7 hydras
  A merfolk avatar (Lair:6)
  2 ghost crabs (Lair:3)
  A spriggan air mage (Depths:1)
  3 death knights
  2 centaur warriors
  A rakshasa (Depths:1)
  3 catoblepae
  5 deep troll shamans
  Erica (Lair:1)
  6 two-headed ogres
  3 tengu warriors
  14 death yaks
  4 deep troll earth magi
  A vampire mage (D:15)
  2 soul eaters (Depths:1)
  A storm dragon zombie (Depths:3)
  2 iron golems (Depths:1)
  3 sun demons (Depths:1)
  7 deep elf knights
  Sonja (D:15)
  2 spriggan berserkers (Depths:1)
  2 iron trolls
  4 skeletal warriors
  5 fire crabs (Lair:3)
  A shadow wraith (Depths:1)
  2 wizards (D:14)
  A deep troll (D:15)
  3 unseen horrors
  2 glowing orange brains
  2 phantasmal warriors (Depths:3)
  3 orc knights
  A golden dragon skeleton (Depths:3)
  An orange crystal statue (D:13)
  3 orc sorcerers (Orc:2)
  Pikel (D:3)
  A harpy (Lair:6)
  4 deep elf archers
  16 deep elf magi
  A wolf spider (D:10)
  11 ugly things
  A necromancer (D:15)
  A frost giant zombie (D:15)
  3 cyclopes
  A salamander (shapeshifter) (D:14)
  An oklob plant (D:7)
  7 manticores
  5 black mambas
  An apocalypse crab (Lair:3)
  2 rust devils
  6 elephants
  An eye of devastation (shapeshifter) (D:15)
  9 spiny frogs
  A gargoyle (D:13)
  7 yaktaurs
  4 tengu conjurers
  5 komodo dragons
  A demonic crawler (Depths:1)
  A freezing wraith (Depths:1)
  2 ice devils (Depths:1)
  An efreet (D:13)
  An elf skeleton (Depths:3)
  A red devil (Depths:1)
  5 rime drakes (Lair:6)
  A meliai (shapeshifter) (Elf:1)
  A spriggan skeleton (D:15)
  A hornet (D:12)
  A wind drake (Lair:6)
  A hydra zombie (Hell)
  2 polar bears (Lair:6)
  A queen bee (D:10)
  4 trolls
  22 slime creatures
  16 hippogriffs
  A meliai zombie (D:15)
  A fire giant simulacrum (Hell)
  A fire dragon zombie (D:15)
  A tarantella (shapeshifter) (Depths:1)
  13 wyverns
  4 vampires
  42 yaks
  2 shadows
  19 humans (D:14)
  Eustachio (D:4)
  5 basilisks
  6 fire elementals
  2 steam dragons
  2 killer bees
  2 hungry ghosts
  5 vampire mosquitoes
  2 nagas (Lair:3)
  3 wargs
  A hydra simulacrum (Hell)
  16 water moccasins
  2 acid dragons
  2 soldier ants
  6 hell hounds
  9 porcupines
  4 slaves
  5 sky beasts
  40 orc warriors
  2 necrophages
  A spiny frog skeleton (Hell)
  An eye of draining (D:10)
  2 ice beasts
  3 black bears
  A tengu (shapeshifter) (Depths:2)
  8 ogres
  5 boggarts (Depths:2)
  9 wolves
  13 centaurs
  2 big kobolds
  16 crocodiles
  16 bullfrogs
  A gnoll sergeant (D:7)
  A spiny frog simulacrum (Hell)
  2 scorpions
  10 wights
  6 howler monkeys
  6 electric eels (D:7)
  8 crimson imps
  3 bullfrog zombies
  3 centaur zombies
  7 hounds
  9 jellies
  3 quasits
  7 centaur skeletons
  24 orc priests
  A bullfrog skeleton (D:6)
  4 iguanas
  Terence (D:3)
  29 orc wizards
  11 worker ants
  3 hound skeletons
  Robin (D:4)
  A worker ant zombie (D:5)
  18 gnolls
  15 adders
  3 shadow imps
  4 oozes
  An adder skeleton (D:4)
  6 worms
  10 dart slugs
  2 leopard geckos
  107 orcs
  2 giant cockroaches
  15 goblins
  10 hobgoblins
  12 jackals
  12 kobolds
  3 quokkas
  4 ball pythons
  A ball python zombie (D:5)
  10 bats
  5 frilled lizards
  A giant cockroach zombie (D:5)
  A quokka zombie (D:6)
  9 rats
  2 plants
960 creatures vanquished.

Vanquished Creatures (collateral kills)
  A sphinx (Depths:3)
  Agnes (Depths:1)
  2 tengu reavers
  A stone giant (Depths:1)
  A vault guard (Depths:4)
  A hydra (D:15)
  A tengu warrior (Depths:1)
  An iron troll (Depths:1)
  A skeletal warrior (D:14)
  A salamander mystic (Depths:1)
  A necromancer (Depths:3)
  An orc sorcerer (Orc:1)
  3 ugly things (D:15)
  A centaur zombie (D:15)
  2 rust devils (Depths:1)
  4 yaktaurs (D:15)
  A tengu conjurer (Depths:1)
  A troll (D:12)
  An orc warrior (Orc:1)
  A human skeleton (D:15)
  A boggart (shapeshifter) (Depths:1)
  3 killer bees (D:10)
  A howler monkey (D:12)
  An orc priest (D:15)
  3 orc wizards
  6 orcs
42 creatures vanquished.

Vanquished Creatures (others)
  A juggernaut zombie (Depths:3)
  A vampire knight (Depths:1)
  A hydra (D:13)
  2 dancing weapons (Elf:1)
  A deep troll shaman (Depths:1)
  An unseen horror (D:13)
  A deep elf mage (D:15)
  An orc knight (D:15)
  2 salamanders (Depths:1)
  A yaktaur (Depths:3)
  A slime creature (D:13)
  A killer bee (D:10)
  A hell hound (Depths:1)
  A floating eye (Depths:4)
  A boggart (Depths:2)
  An ogre (D:13)
  A bullfrog (D:13)
  A jelly (D:13)
  2 worker ants (D:13)
  An orc (Orc:2)
  2 bushes (Lair:6)
  18 fungi
  16 plants
  3 withered plants (D:15)
62 creatures vanquished.

Grand Total: 1064 creatures vanquished

Notes
Turn   | Place    | Note
-------+----------+-------------------------------------------
     0 | D:1      | Amnesiac the Spriggan Artificer began the quest for the Orb.
     0 | D:1      | Reached XP level 1. HP: 9/9 MP: 4/4
    76 | D:2      | Found a sparkling altar of Nemelex Xobeh.
   206 | D:3      | Reached skill level 1 in Fighting
   206 | D:3      | Reached XP level 2. HP: 14/14 MP: 6/6
   364 | D:3      | Noticed Terence
   454 | D:3      | Killed Terence
   454 | D:3      | Reached skill level 5 in Evocations
   454 | D:3      | Reached XP level 3. HP: 13/18 MP: 7/7
   684 | D:4      | Noticed Pikel
   684 | D:4      | Noticed a slave
   684 | D:4      | Noticed a slave
   686 | D:4      | Noticed a slave
   686 | D:4      | Noticed a slave
   773 | D:3      | Reached XP level 4. HP: 6/22 MP: 9/9
  1324 | D:4      | Noticed Eustachio
  1351 | D:5      | Entered Level 5 of the Dungeon
  1527 | D:4      | Killed a slave
  1673 | D:4      | Reached skill level 6 in Evocations
  1673 | D:4      | Reached XP level 5. HP: 26/26 MP: 6/10
  1787 | D:4      | Killed Eustachio
  1787 | D:4      | Reached skill level 5 in Dodging
  1787 | D:4      | Reached skill level 7 in Evocations
  1787 | D:4      | Reached XP level 6. HP: 29/32 MP: 9/12
  1892 | D:4      | Got a pitted short sword
  1953 | D:4      | Noticed Robin
  1979 | D:4      | Killed Robin
  1989 | D:4      | Killed a slave
  2019 | D:4      | Identified the +5 short sword of the Inferno {freeze, Dex+4} (You found it on level 4 of the Dungeon)
  2719 | D:5      | Found a staircase to the Ecumenical Temple.
  2732 | Temple   | Entered the Ecumenical Temple
  2755 | Temple   | Became a worshipper of Gozag Ym Sagoz the Greedy
  2830 | D:2      | Reached skill level 8 in Evocations
  2854 | D:2      | Reached XP level 7. HP: 29/36 MP: 12/14
  4561 | D:3      | Killed Pikel
  4561 | D:3      | Reached skill level 9 in Evocations
  4561 | D:3      | Reached XP level 8. HP: 7/42 MP: 2/16
  5701 | D:5      | Got a jewelled spear
  5702 | D:5      | Identified the +6 spear "Gatzokh" {freeze, rC++ Str+2 Int-2} (You found it on level 5 of the Dungeon)
  5998 | D:5      | Found Heschogism's Armour Boutique.
  6001 | D:5      | Bought the +2 buckler of Xuah {rF+} for 342 gold pieces
  6067 | D:5      | Reached skill level 1 in Shields
  6596 | D:5      | Found a staircase to the Ecumenical Temple.
  7195 | D:5      | Found Heschogism's Armour Boutique.
  8007 | D:6      | Found Zin's Purification Station.
  8027 | D:6      | Found a glowing silver altar of Zin.
  8111 | D:6      | Reached skill level 10 in Evocations
  8304 | D:6      | Found an iron altar of Okawaru.
  8304 | D:6      | Found a white marble altar of Elyvilon.
  8581 | D:6      | Reached XP level 9. HP: 45/45 MP: 17/17
  9181 | D:7      | Found Ynyedu's Assorted Antiques.
  9240 | D:7      | Bought a short copper wand for 112 gold pieces
  9240 | D:7      | Bought a scroll labeled ZOASEN YVEMIYBB for 28 gold pieces
  9240 | D:7      | Bought a scroll labeled ZADEXA DUDEQU for 28 gold pieces
  9288 | D:7      | Reached skill level 11 in Evocations
  9695 | D:7      | Found Guzac's Weapon Shop.
  9997 | D:7      | Found Yla Neg's Weapon Shoppe.
 10155 | D:7      | Found a stormy altar of Qazlal.
 10155 | D:7      | Noticed an oklob plant
 10278 | D:7      | Killed an oklob plant
 10278 | D:7      | Reached skill level 5 in Fighting
 10284 | D:7      | Found Utery's Antique Armour Emporium.
 10816 | D:8      | Reached skill level 12 in Evocations
 11103 | D:8      | Found a sparkling altar of Nemelex Xobeh.
 11183 | D:9      | Noticed a troll
 11196 | D:9      | Killed a troll
 11504 | D:9      | Noticed a deep elf mage
 11513 | D:9      | Killed a deep elf mage
 11513 | D:9      | Reached skill level 5 in Shields
 11513 | D:9      | Reached XP level 10. HP: 51/51 MP: 20/20
 12586 | D:10     | Entered Level 10 of the Dungeon
 12662 | D:10     | Noticed an elephant
 12665 | D:10     | Reached skill level 10 in Dodging
 12674 | D:10     | Found a staircase to the Lair.
 12683 | D:10     | Noticed a two-headed ogre
 12739 | D:9      | Killed an elephant
 12797 | D:9      | Reached skill level 13 in Evocations
 13227 | D:11     | Found Ledustruc's Antique Weapon Shoppe.
 13283 | D:11     | Bought a brightly glowing hand crossbow for 178 gold pieces
 13283 | D:11     | Identified the cursed +1 hand crossbow "Evelurop" {venom, +Fly rElec Stlth+} (You bought it in a shop on level 11 of the Dungeon)
 13595 | D:10     | Noticed a glowing orange brain
 13595 | D:10     | a two-headed ogre changed into a glowing orange brain
 13606 | D:10     | Killed a glowing orange brain
 13836 | D:11     | Noticed a two-headed ogre
 13902 | D:11     | Found a staircase to the Orcish Mines.
 13920 | D:11     | Reached XP level 11. HP: 44/57 MP: 20/22
 13969 | D:11     | Reached skill level 14 in Evocations
 14096 | D:11     | Noticed a wolf spider
 14096 | D:11     | a two-headed ogre changed into a wolf spider
 14200 | D:10     | Killed a wolf spider
 14562 | D:11     | Noticed a brown ugly thing
 14613 | D:11     | Killed a brown ugly thing
 15644 | Orc:1    | Entered Level 1 of the Orcish Mines
 15644 | Orc:1    | Noticed an orc knight
 15649 | Orc:1    | Noticed an orc sorcerer
 15663 | Orc:1    | Killed an orc sorcerer
 15703 | D:11     | Killed an orc knight
 15934 | Orc:2    | Entered Level 2 of the Orcish Mines
 16060 | Orc:1    | Reached skill level 15 in Evocations
 17131 | Orc:2    | Found a staircase to the Elven Halls.
 17626 | Orc:2    | Noticed an orc sorcerer
 17835 | Orc:2    | Killed an orc sorcerer
 17858 | Orc:2    | Noticed Donald
 17867 | Orc:2    | Noticed Donald
 17867 | Orc:2    | Donald changed into Donald the death yak
 17959 | Orc:2    | Noticed an orc warlord
 18332 | Orc:2    | Noticed a quicksilver dragon
 18332 | Orc:2    | an orc warlord changed into a quicksilver dragon
 18499 | Orc:1    | Found Nanah's Magic Scroll Shop.
 19123 | Orc:2    | Killed Donald the death yak
 19476 | Orc:2    | Found a roughly hewn altar of Beogh.
 19477 | Orc:2    | Noticed an orc knight
 19570 | Orc:1    | Reached XP level 12. HP: 32/63 MP: 16/24
 19983 | Orc:2    | Found a roughly hewn altar of Beogh.
 20096 | Orc:2    | Found Voplyop's Armour Boutique.
 20118 | Orc:2    | Found a roughly hewn altar of Beogh.
 20317 | Orc:2    | Found Vurphaagu's Jewellery Emporium.
 20947 | Orc:2    | Reached skill level 16 in Evocations
 21558 | Orc:2    | Noticed Saint Roka
 22575 | Orc:2    | Found a roughly hewn altar of Beogh.
 22575 | Orc:2    | Found Kociokog's Antique Armour Emporium.
 22578 | Orc:2    | Found Enuoc's Antique Weapon Shoppe.
 22701 | Orc:2    | Bought an embroidered robe for 118 gold pieces
 22774 | Orc:2    | Found a roughly hewn altar of Beogh.
 24025 | D:12     | Bought a sack of spiders for 360 gold pieces
 24025 | D:12     | Bought a wand of iceblast (8) for 216 gold pieces
 24025 | D:12     | Bought a wand of iceblast (12) for 288 gold pieces
 24025 | D:12     | Bought a wand of disintegration (14) for 324 gold pieces
 24025 | D:12     | Bought a wand of paralysis (6) for 144 gold pieces
 24140 | D:12     | Noticed a five-headed hydra
 24143 | D:12     | Killed a five-headed hydra
 24149 | D:12     | Found a shadowy altar of Dithmenos.
 24228 | D:12     | Noticed a centaur warrior
 24243 | D:12     | Killed a centaur warrior
 24283 | D:12     | Reached skill level 17 in Evocations
 24369 | D:12     | Noticed a five-headed hydra
 24450 | D:12     | Killed a five-headed hydra
 24644 | D:12     | Noticed an ogre mage
 24662 | D:12     | Killed an ogre mage
 24698 | D:12     | Reached XP level 13. HP: 42/69 MP: 26/26
 24741 | D:12     | Got a brightly glowing jade amulet
 25110 | D:12     | Got a slimy brass ring
 25119 | D:12     | Got a steaming brass ring
 25121 | D:12     | Identified the ring "Mimedu" {rCorr rF+} (You took it off a death knight on level 12 of the Dungeon)
 25123 | D:12     | Identified the ring of Yngic {rElec rC+ MR+} (You took it off a vampire on level 12 of the Dungeon)
 25124 | D:12     | Identified the amulet "Nooggum" {Faith rElec Str-4 Int+7 Dex-5} (You took it off an orc knight on level 12 of the Dungeon)
 25294 | D:12     | Got a crude crystal amulet
 26041 | D:13     | Found a gateway to a bazaar.
 26235 | D:13     | Noticed an azure jelly
 26235 | D:13     | a catoblepas changed into an azure jelly
 26235 | D:13     | Noticed a quicksilver dragon
 26235 | D:13     | an azure jelly changed into a quicksilver dragon
 26239 | D:13     | Noticed a sphinx
 26239 | D:13     | a quicksilver dragon changed into a sphinx
 26249 | D:13     | Noticed a shadow dragon
 26263 | D:13     | Noticed a caustic shrike
 26263 | D:13     | a shadow dragon changed into a caustic shrike
 26265 | D:13     | Noticed an iron dragon
 26265 | D:13     | a caustic shrike changed into an iron dragon
 26267 | D:13     | Noticed an iron giant
 26267 | D:13     | an iron dragon changed into an iron giant
 26268 | D:13     | Noticed a golden dragon
 26268 | D:13     | an iron giant changed into a golden dragon
 26270 | D:13     | Noticed a caustic shrike
 26270 | D:13     | a golden dragon changed into a caustic shrike
 26273 | D:13     | Found the +4 robe of Augmentation {Str+4 Int+4 Dex+4}
 26289 | D:12     | Noticed an iron dragon
 26289 | D:12     | a caustic shrike changed into an iron dragon
 26293 | D:12     | Noticed a golden dragon
 26293 | D:12     | an iron dragon changed into a golden dragon
 26294 | D:12     | Noticed an acid blob
 26294 | D:12     | a golden dragon changed into an acid blob
 26679 | D:13     | Reached skill level 18 in Evocations
 26860 | D:12     | Noticed a frost giant
 26860 | D:12     | an acid blob changed into a frost giant
 26919 | D:12     | HP: 3/70 [poisoned by a worker ant]
 26924 | D:12     | HP: 2/70 [poisoned by a worker ant]
 26929 | D:12     | HP: 1/70 [poisoned by a worker ant]
 26937 | D:12     | HP: 1/70 [poisoned by a worker ant]
 27380 | D:12     | Identified the amulet of Vetimov {Harm *Drain rC+ Str+4} (You took it off a yaktaur on level 12 of the Dungeon)
 27382 | D:12     | Reached skill level 19 in Evocations
 27382 | D:12     | Reached XP level 14. HP: 62/74 MP: 28/28
 27901 | D:13     | Found a shimmering altar of Xom.
 28061 | D:13     | Got a transparent war axe
 28076 | D:13     | Identified the +7 war axe of the Beginning {pain, rC- rN+ Dex+2} (You found it on level 13 of the Dungeon)
 29918 | D:14     | Reached skill level 20 in Evocations
 30146 | D:14     | Found an ancient bone altar of Kikubaaqudgha.
 30301 | D:14     | Reached skill level 15 in Dodging
 31072 | D:14     | Found a gate to the Vaults.
 31093 | D:14     | Reached XP level 15. HP: 55/79 MP: 27/30
 31603 | Bazaar   | Entered a bazaar
 31607 | Bazaar   | Found Egyt's Assorted Antiques.
 31615 | Bazaar   | Found Jiduufirig's Distillery.
 31619 | Bazaar   | Bought a wand of enslavement (9) for 38 gold pieces
 31626 | Bazaar   | Found Fuarotatz's Assorted Antiques.
 31628 | Bazaar   | Bought a potion of resistance for 100 gold pieces
 31628 | Bazaar   | Bought a potion of agility for 40 gold pieces
 31628 | Bazaar   | Bought a potion of lignification for 30 gold pieces
 31635 | Bazaar   | Bought a lumpy sapphire potion for 19 gold pieces
 31642 | Bazaar   | Found Emibburak's Armour Shoppe.
 31650 | Bazaar   | Bought the +2 cloak of the Thief {+Fog Slay-2 SInv Stlth+} for 321 gold pieces
 31650 | Bazaar   | Found the +2 cloak of the Thief {+Fog Slay-2 SInv Stlth+}
 31704 | Bazaar   | Bought a hardcover book for 285 gold pieces
 31713 | Bazaar   | Bought a potion of heal wounds for 50 gold pieces
 31713 | Bazaar   | Bought a potion of heal wounds for 50 gold pieces
 31713 | Bazaar   | Bought a potion of heal wounds for 50 gold pieces
 31713 | Bazaar   | Bought a potion of heal wounds for 50 gold pieces
 31720 | Bazaar   | Bought a sapphire short sword for 176 gold pieces
 31726 | Bazaar   | Identified the +8 short sword of Mayhem {pierce, +Inv rF- rN+ Int+4} (You bought it in a shop in a bazaar)
 31808 | D:15     | Entered Level 15 of the Dungeon
 32194 | D:15     | Found a staircase to the Depths.
 32405 | D:15     | Reached skill level 21 in Evocations
 32942 | D:15     | Reached skill level 10 in Fighting
 33020 | D:15     | Noticed Sonja
 33021 | D:15     | Found a blossoming altar of Fedhas.
 33024 | D:15     | Killed Sonja
 33401 | Depths:1 | Entered Level 1 of the Depths
 33668 | Depths:1 | Found Unkoere's General Store.
 34381 | Depths:1 | Found Qusuod's Magic Scroll Emporium.
 34389 | Depths:1 | Found Netuso's Book Shop.
 34414 | Depths:1 | Found Keish's General Store.
 34422 | Depths:1 | Bought a potion of heal wounds for 60 gold pieces
 34422 | Depths:1 | Bought 2 potions of heal wounds for 120 gold pieces
 34423 | Depths:1 | Found a glowing golden altar of the Shining One.
 34569 | Depths:1 | Found a gateway to a ziggurat.
 34594 | Depths:1 | Noticed Agnes
 34595 | Depths:1 | Noticed Bai Suzhen
 34693 | Depths:1 | Noticed a tengu reaver
 34707 | Depths:1 | Killed Agnes
 34712 | Depths:1 | Killed a tengu reaver
 34713 | Depths:1 | Noticed a red draconian knight
 34963 | D:15     | Bought a wand of scattershot (6) for 420 gold pieces
 34963 | D:15     | Bought a wand of paralysis (12) for 196 gold pieces
 34963 | D:15     | Bought a wand of paralysis (6) for 112 gold pieces
 34963 | D:15     | Bought a phial of floods for 560 gold pieces
 34963 | D:15     | Bought a wand of flame (29) for 217 gold pieces
 35472 | Depths:1 | Bought a book of Misfortune for 340 gold pieces
 35474 | Depths:1 | Learned a level 1 spell: Confusing Touch
 35478 | Depths:1 | Learned a level 3 spell: Confuse
 35594 | Depths:1 | Noticed Asterion
 35652 | D:15     | Killed a red draconian knight
 35859 | Depths:1 | Killed Asterion
 35882 | Depths:1 | Killed Bai Suzhen
 35882 | Depths:1 | Reached skill level 22 in Evocations
 36033 | Depths:1 | Found Otovop's Distillery.
 36353 | Depths:1 | Found a gateway to Hell.
 36368 | Depths:1 | Got a slimy bone ring
 36370 | Depths:1 | Identified the ring "Evvob" {+Inv rC++ rN++ Int+4} (You found it on level 1 of the Depths)
 36466 | Hell     | Entered the Vestibule of Hell
 36466 | Hell     | Noticed Geryon
 36912 | Hell     | Found a gateway to the decaying netherworld of Tartarus.
 36912 | Hell     | Noticed a shadow dragon
 36915 | Hell     | Found a gateway to the ashen valley of Gehenna.
 37480 | Depths:2 | Noticed Mara
 37589 | Depths:1 | Reached XP level 16. HP: 47/86 MP: 17/32
 38525 | Depths:2 | Noticed a juggernaut
 38946 | Depths:2 | Reached skill level 5 in Stealth
 38982 | Depths:2 | Noticed a lich
 39040 | Depths:1 | Reached skill level 5 in Short Blades
 39489 | Depths:1 | Killed a juggernaut
 40643 | Depths:2 | Noticed a lich
 40786 | Depths:2 | Noticed a tengu reaver
 40830 | Depths:2 | Noticed Amnesiac's illusion
 40983 | Depths:2 | Noticed Amnesiac's illusion
 41172 | Depths:2 | Noticed Amnesiac's illusion
 41336 | Depths:1 | Noticed Amnesiac's illusion
 42612 | Depths:4 | Paralysed by a floating eye for 4 turns
 42624 | Depths:4 | Paralysed by a floating eye for 2 turns
 43549 | Depths:3 | Noticed a sphinx
 43622 | Depths:3 | Noticed a tentacled monstrosity
 43654 | Depths:3 | Killed a sphinx
 43666 | Depths:3 | Killed a tentacled monstrosity
 43960 | Depths:1 | Noticed Amnesiac's illusion
 44195 | Depths:1 | Noticed Amnesiac's illusion
 44314 | Depths:1 | Noticed Amnesiac's illusion
 44567 | Depths:1 | Noticed Amnesiac's illusion
 44916 | Depths:1 | Noticed Amnesiac's illusion
 45376 | Depths:1 | Noticed Amnesiac's illusion
 45448 | Depths:1 | Noticed Amnesiac's illusion
 45828 | Depths:1 | Noticed Amnesiac's illusion
 46195 | Depths:1 | Noticed Amnesiac's illusion
 46773 | Depths:1 | Noticed Amnesiac's illusion
 46902 | Depths:1 | Noticed Amnesiac's illusion
 47024 | Depths:1 | Noticed Amnesiac's illusion
 47330 | Depths:1 | Noticed Amnesiac's illusion
 47357 | Depths:1 | Killed Mara
 47357 | Depths:1 | Reached skill level 23 in Evocations
 47749 | Elf:1    | Entered Level 1 of the Elven Halls
 47974 | Depths:3 | Reached XP level 17. HP: 39/91 MP: 18/33
 48037 | Depths:1 | Bought a ration for 60 gold pieces
 48666 | Elf:1    | Found Joevvepy's Antique Armour Boutique.
 50263 | Lair:1   | Entered Level 1 of the Lair of Beasts
 50335 | Lair:1   | Noticed Erica
 50342 | Lair:1   | Killed Erica
 50510 | Lair:1   | Noticed Fannar
 50528 | Lair:1   | Killed Fannar
 50747 | Lair:1   | Noticed Harold
 50776 | Lair:1   | Killed Harold
 51829 | Lair:2   | Found a staircase to the Swamp.
 52241 | Lair:3   | Found a staircase to the Snake Pit.
 52679 | Lair:3   | Found a runed door.
 52923 | Lair:3   | Reached skill level 24 in Evocations
 53635 | Lair:4   | Found a shimmering altar of Xom.
 53978 | Lair:4   | Gained mutation: You are frail. (-10% HP) [mutagenic glow]
 54008 | Lair:4   | Lost mutation: You are frail. (-10% HP) [potion of mutation]
 54008 | Lair:4   | Gained mutation: Your body sometimes deteriorates upon taking damage. [potion of mutation]
 54008 | Lair:4   | Gained mutation: You are frail. (-10% HP) [potion of mutation]
 54008 | Lair:4   | Lost mutation: You are frail. (-10% HP) [potion of mutation]
 54008 | Lair:4   | Gained mutation: You have a pair of small antennae on your head. [potion of mutation]
 55422 | Lair:6   | Entered Level 6 of the Lair of Beasts
 55422 | Lair:6   | Found a staircase to the Slime Pits.
 55422 | Lair:6   | Found a viscous altar of Jiyva.
 55435 | Lair:6   | Reached skill level 1 in Spellcasting
 55435 | Lair:6   | Reached skill level 1 in Hexes
 55955 | Lair:6   | Found a sacrificial altar of Ru.
 57094 | Lair:6   | Reached XP level 18. HP: 55/98 MP: 18/35
 58353 | D:15     | Bought a lightning rod (4/4) for 560 gold pieces
 59131 | D:10     | Killed Saint Roka
 59131 | D:10     | Reached skill level 25 in Evocations
 60276 | Hell     | Found a gateway to the Iron City of Dis.
 60289 | Hell     | HP: 1/98 [reaper/scythe of slicing (35)]
 60289 | Hell     | Slain by a reaper

Vault maps used:
D:1:      lightli_arrival_noodles, grunt_decor_resistance, nrook_mini_backslash
D:2:      marbit_many_paths, first_ration
D:3:      uniq_terence
D:4:      minmay_misc_feat_doors, uniq_robin, uniq_eustachio, uniq_pikel
D:5:      minmay_temple_entry_glass, serial_shops, nicolae_shop_behind_doors
D:6:      zin_purify, gammafunk_temple_overflow_statue
D:7:      kennysheep_slugbush, serial_shops, shop,
          nicolae_shop_overgrown_old_shop, nicolae_shop_overgrown_old_shop,
          shop, lemuel_oklob_altar
D:8:      nemelex_diamond_rough_becter
D:10:     david_lair_generic
D:11:     orc_0_dummy, serial_shops, nicolae_shop_statue_plus, grunt_tengu_nest
D:12:     minmay_the_grid_triangle_9x9_rhombus_thin, grunt_dithmenos_shadows
D:13:     serial_shops, statue_bzr, serial_park_tiny_pond, xom_confusion_cloud
D:14:     grunt_vaults_entry_tiered, special_room, lemuel_statue_altar,
          minmay_misc_feat_iff
D:15:     gammafunk_depths_entry_grave, fedhas_altar_3, palyth_stone_intersect,
          uniq_sonja
Temple:   compressed_dpeg_circular_temple
Lair:1:   uniq_harold, uniq_erica, uniq_fannar
Lair:2:   swamp_mist, beast_lair_carwin_6
Lair:3:   gammafunk_mikee_crab_dinner, minmay_snake_entry_guardpost_small,
          ldierk_geyser
Lair:4:   basic_altar, hibernation_bobbens
Lair:6:   gammafunk_lair_ancient_temple, slime_altar_1, lemuel_centaur_altar
Orc:1:    serial_shops, shop_statue
Orc:2:    grunt_orc_community_town_hall, grunt_orc_community_big_house_1,
          grunt_orc_community_big_house_1, grunt_orc_community_house_1,
          grunt_orc_community_house_3, grunt_orc_community_house_2,
          grunt_orc_community_house_3, grunt_orc_community_house_2, uniq_donald
Elf:1:    serial_shops, shop, evilmike_minifort
Depths:1: enter_ziggurat_d, lightli_too_deep, tso_altar, serial_shops, shop,
          shop, nicolae_shop_statue_plus, shop, shop_statue, sword_in_stone,
          uniq_bai_suzhen
Depths:2: minmay_bloctagon_deflated, pf_dread_powers_of_hell,
          serial_sigils_hangedman_scar, uniq_asterion, uniq_mara
Depths:3: thingy_vault, minmay_misc_feat_chi, hell_entry, pan_entry, hex_tiny,
          minmay_misc_feat_more_columns, minmay_shop_grove
Depths:4: hangedman_spin_cycle, serial_shops, hell_entry, abyss_entry, pan_entry
Bazaar:   bazaar_kb_twisted_cavern

Skill      XL: |  1  2  3  4  5  6  7  8  9 10 11 12 13 14 15 16 17 18 |
---------------+-------------------------------------------------------+-----
Fighting       | 1 2 3 4 5 6 7 8 9 10 11 12 | 12.4
Evocations     | 5 6 7 8 9 10 12 13 15 17 19 20 22 23 24 25 | 25.0
Dodging        | 4 5 7 9 11 12 13 14 15 16 17 19 | 19.5
Shields        | 4 5 6 7 8 9 |  9.0
Stealth        | 2 8 |  8.0
Short Blades   | 2 8 |  8.0
Spellcasting   | 2 |  2.0
Hexes          | 2 |  2.0

Action                   |  1- 3 |  4- 6 |  7- 9 | 10-12 | 13-15 | 16-18 || total
-------------------------+-------+-------+-------+-------+-------+-------++-------
Melee: Short sword       |    10 |       |       |   487 |   422 |   592 ||  1511
       Whip              |       |       |     9 |   364 |   226 |       ||   599
       Dagger            |       |       |       |   640 |   728 |  1237 ||  2605
       Unarmed           |       |       |       |       |    22 |   544 ||   566
 Fire: Hunting sling     |    78 |   155 |   760 |   199 |   223 |   107 ||  1522
       Hand crossbow     |       |       |       |    85 |    46 |       ||   131
       Blowgun           |       |       |       |       |    12 |    18 ||    30
Throw: Stone             |       |       |       |       |     3 |     1 ||     4
 Cast: Confusing Touch   |       |       |       |       |    14 |   223 ||   237
       Confuse           |       |       |       |       |       |     7 ||     7
Invok: Call Merchant     |       |       |       |     1 |     1 |       ||     2
       Potion Petition   |       |       |       |       |       |     1 ||     1
 Abil: Evoke Fog         |       |       |       |       |     6 |    10 ||    16
       Evoke Invisibilit |       |       |       |       |     1 |    11 ||    12
Evoke: Wand              |     1 |     6 |    20 |    92 |   152 |    16 ||   287
       Sack of spiders   |       |       |       |       |     7 |       ||     7
       Phial of floods   |       |       |       |       |     2 |     4 ||     6
       Lightning rod     |       |       |       |       |       |     4 ||     4
  Use: Scroll            |       |       |       |    25 |    14 |     9 ||    48
       Potion            |       |       |       |       |     6 |     5 ||    11
 Stab: Sleeping          |     1 |       |       |     3 |     4 |    55 ||    63
       Paralysed         |       |       |       |    27 |    62 |       ||    89
       Confused          |       |       |       |     5 |     5 |   196 ||   206
       Distracted        |       |       |       |     3 |    13 |    17 ||    33
       Petrified         |       |       |       |       |    18 |       ||    18
       Invisible         |       |       |       |       |     5 |    71 ||    76
       Held in net/web   |       |       |       |       |     1 |       ||     1
  Eat: Ration            |       |       |     6 |    10 |    11 |    23 ||    50
Armor: Robe              |     3 |       |    21 |    46 |    89 |   107 ||   266
Dodge: Dodged            |    22 |    58 |   331 |  1367 |  1463 |  1754 ||  4995
Block: Buckler           |       |       |   148 |   827 |   906 |  1076 ||  2957

Table legend:
 A = Spawn XP
 B = Non-spawn XP
 C = Spawn XP percentage of total XP
 D = Spawn monster count
 E = Non-spawn monster count
 F = Spawn count percentage of total count
 G = Total turns spent on level
                    A         B        C        D         E        F      G
               +---------+---------+-------+---------+---------+-------+---------
         Total |       0 |  280669 |   0.0 |       0 |    1004 |   0.0 | 60289
               +---------+---------+-------+---------+---------+-------+---------
           D:1 |       0 |      54 |   0.0 |       0 |      27 |   0.0 |   763
           D:2 |       0 |     152 |   0.0 |       0 |      29 |   0.0 |  1066
           D:3 |       0 |     728 |   0.0 |       0 |      27 |   0.0 |  1723
           D:4 |       0 |     430 |   0.0 |       0 |      21 |   0.0 |  1648
           D:5 |       0 |     569 |   0.0 |       0 |      17 |   0.0 |  2381
           D:6 |       0 |    1135 |   0.0 |       0 |      23 |   0.0 |  1341
           D:7 |       0 |    1567 |   0.0 |       0 |      42 |   0.0 |  1591
           D:8 |       0 |     452 |   0.0 |       0 |       6 |   0.0 |   623
           D:9 |       0 |    2805 |   0.0 |       0 |      31 |   0.0 |  1650
          D:10 |       0 |    8501 |   0.0 |       0 |      30 |   0.0 |  2147
          D:11 |       0 |    6683 |   0.0 |       0 |      43 |   0.0 |  2959
          D:12 |       0 |   14857 |   0.0 |       0 |      49 |   0.0 |  2511
          D:13 |       0 |    9749 |   0.0 |       0 |      30 |   0.0 |  2775
          D:14 |       0 |   23359 |   0.0 |       0 |      82 |   0.0 |  3209
          D:15 |       0 |   24330 |   0.0 |       0 |      59 |   0.0 |  4605
        Lair:1 |       0 |    5910 |   0.0 |       0 |      19 |   0.0 |  1014
        Lair:2 |       0 |    3577 |   0.0 |       0 |      25 |   0.0 |   845
        Lair:3 |       0 |   15280 |   0.0 |       0 |      32 |   0.0 |  1292
        Lair:4 |       0 |    5887 |   0.0 |       0 |      14 |   0.0 |  1368
        Lair:5 |       0 |    4135 |   0.0 |       0 |      11 |   0.0 |   864
        Lair:6 |       0 |   28041 |   0.0 |       0 |      77 |   0.0 |  2585
         Orc:1 |       0 |    3362 |   0.0 |       0 |      54 |   0.0 |  3354
         Orc:2 |       0 |    7516 |   0.0 |       0 |     109 |   0.0 |  3588
         Elf:1 |       0 |   14791 |   0.0 |       0 |      23 |   0.0 |  1890
         Elf:2 |       0 |    2829 |   0.0 |       0 |       5 |   0.0 |   113
      Depths:1 |       0 |   50516 |   0.0 |       0 |      48 |   0.0 |  5522
      Depths:2 |       0 |   13717 |   0.0 |       0 |      28 |   0.0 |  4011
      Depths:3 |       0 |   25866 |   0.0 |       0 |      28 |   0.0 |  2112
      Depths:4 |       0 |    1695 |   0.0 |       0 |       4 |   0.0 |    84
          Hell |       0 |    2176 |   0.0 |       0 |      11 |   0.0 |   448
               +---------+---------+-------+---------+---------+-------+---------
